 Dungeon Crawl Stone Soup version 0.18.1-48-g4cf74bf (webtiles) character file.

5193 mopl the Fighter (level 10, -2/58 HPs)
             Began as a Vine Stalker Wanderer on Sept 1, 2016.
             Was a Believer of Pakellas.
             Slain by an unseen horror (3 damage)
             ... on level 9 of the Dungeon.
             The game lasted 00:17:49 (6481 turns).

mopl the Fighter (Vine Stalker Wanderer)            Turns: 6481, Time: 00:17:50

Health: -2/58      AC: 13    Str: 18    XL:     10   Next: 60%
Magic:  0/17       EV: 11    Int: 12    God:    Pakellas [**....]
Gold:   472        SH:  0    Dex: 14    Spells: 2 memorised, 9 levels left

rFire  . . .     SeeInvis .     a - +1 dagger (venom)
rCold  . . .     Gourm    .     q - +1 ring mail {MR+}
rNeg   . . .     Faith    .     (no shield)
rPois  +         Spirit   +     E - +1 helmet
rElec  .         Dismiss  .     Q - +2 cloak {rPois}
rCorr  .         Reflect  .     (no gloves)
SustAt .         Harm     .     g - +1 pair of boots
MR     ++...                    i - amulet of rage
Stlth  +++++.....               C - ring of stealth
                                k - ring of stealth

@: lethally poisoned (-2 -> -3), very slightly contaminated, invisible, very
resistant to hostile enchantments, quite stealthy
A: fangs 3, talons 1, regeneration 3, magic shield, antimagic bite, no device
heal 3, rot immunity
a: Quick Charge, Renounce Religion, Evoke Berserk Rage


You were on level 9 of the Dungeon.
You worshipped Pakellas.
Pakellas was pleased with you.
You were hungry.

You visited 2 branches of the dungeon, and saw 10 of its levels.

You collected 472 gold pieces.

Inventory:

Hand Weapons
 a - a +1 dagger of venom (weapon)
 b - a +1 blowgun
 y - a +0 falchion
 D - a +0 rapier
Missiles
 c - 21 poisoned needles
 J - 2 javelins (quivered)
 L - 2 throwing nets
Armour
 g - a +1 pair of boots (worn)
 m - the cursed +1 leather armour "Eraf" {rC+ Str+4 Dex-4, unknown}
   (You found it on level 7 of the Dungeon)

   It affects your strength (+4).
   It affects your dexterity (-4).
   It protects you from cold.
   It has a curse placed upon it.
 q - a +1 ring mail of magic resistance (worn)
 u - a +2 ring mail of positive energy
 v - a +0 cloak
 A - the +1 leather armour of Honour {Int+3, unknown}
   (You found it on level 4 of the Dungeon)

   It affects your intelligence (+3).
 E - a +1 helmet (worn)
 Q - a +2 cloak of poison resistance (worn)
Jewellery
 i - an amulet of rage (around neck)
 k - a ring of stealth (left hand)
 C - a ring of stealth (right hand)
Wands
 z - a wand of paralysis (24/24)
 F - a wand of flame (25/48)
 H - a wand of random effects (29/48)
 O - a wand of paralysis (18/24)
Scrolls
 e - 2 scrolls of enchant armour
 j - a scroll of identify
 o - 2 scrolls of amnesia
 t - 2 scrolls of enchant weapon
 x - 3 scrolls of fog
 I - a scroll of noise
Potions
 d - 8 potions of curing
 n - a potion of flight
 s - a potion of heal wounds
 w - a potion of lignification {!q}
 G - a potion of magic {unknown}
 M - a potion of haste {unknown}
Books
 h - a book of Air

   Spells                             Type                      Level
   a - Shock                          Conjuration/Air              1
   b - Swiftness                      Charms/Air                   2
   c - Repel Missiles                 Charms/Air                   2
   d - Static Discharge               Conjuration/Air              3
   e - Lightning Bolt                 Conjuration/Air              5
Miscellaneous
 K - a phantom mirror
 P - a fan of gales
Comestibles
 f - 6 bread rations
 l - 4 meat rations


   Skills:
 + Level 9.1 Fighting
 + Level 4.8 Short Blades
   Level 1.0 Polearms
 - Level 4.5 Throwing
 - Level 1.5 Dodging
 - Level 7.0 Stealth
 - Level 2.1 Spellcasting
 - Level 1.0 Air Magic
   Level 2.0 Earth Magic
   Level 8.0 Invocations
 * Level 5.2 Evocations


You had 9 spell levels left.
You knew the following spells:

 Your Spells              Type           Power        Failure   Level  Hunger
i - Repel Missiles        Chrm/Air       #.....       63%         2    ###....
n - Swiftness             Chrm/Air       #.......     63%         2    ###....


Dungeon Overview and Level Annotations

Branches:
Dungeon (9/15)             Temple (1/1) D:4
   Lair: D:8-11         Orc: D:9-12

Altars:
Ashenzari
Cheibriados
Dithmenos
Elyvilon
Kikubaaqudgha
Nemelex Xobeh
Okawaru
Pakellas
Qazlal
Ru
Sif Muna
Vehumet
Xom
Yredelemnul
Zin


Innate Abilities, Weirdness & Mutations

You have razor-sharp teeth.
You regenerate.
When hurt, damage is shared between your health and your magic reserves.
Your bite disrupts and absorbs the magic of your enemies.
Potions and wands cannot restore your health.
You are immune to rotting.
You have sharp toenails.


Message History

Unknown command.
Drink which item? (? for menu, Esc to quit)
You fade into invisibility!
Something hits you but does no damage. The scorpion stings you.
* * * LOW HITPOINT WARNING * * *
You are lethally poisoned!
The scorpion poisons you!
The kobold shoots a poisoned needle.
The poisoned needle hits you!
The big kobold throws a stone.
The stone hits you but does no damage.
The orc throws a tomahawk.
The tomahawk barely misses you.
You are very lightly contaminated with residual magic.
Drink which item? (? for menu, Esc to quit)
You feel better.
The kobold shouts!
The kobold shoots a poisoned needle.
The poisoned needle hits you!
You are lethally poisoned!
The big kobold throws a stone.
The stone closely misses you. Something hits you.
You die...
Pakellas says: Good help is so hard to find these days!

......##...)..#.........#..
......##......#.........#..
.............#.........#..
..#..[.#....#.........#..
#......................
#......##....).........
#.....o##..............
#...s..................
######@((.#....######..
.K...................#..
.YK..........##......#..
.K...........##......#..
...K.................#..
.#.....(...#....#....#..
#.........#............
#...%.....#......##)...
#...$..##....


You could see a sky beast (wandering), a big kobold, a scorpion, an orc and 3
kobolds.

Vanquished Creatures
  A hill giant (D:9)
  Pikel (D:5)
  A slime creature (D:9)
  Prince Ribbit (D:7)
  A wyvern (D:9)
  A hungry ghost (D:7)
  A hippogriff (D:9)
  Duvessa (D:7)
  2 phantoms
  2 sky beasts
  A black bear (D:6)
  An ice beast (D:5)
  3 ogres
  4 centaurs
  2 big kobolds
  3 giant frogs
  Dowan (D:7)
  A wyvern zombie (D:7)
  6 scorpions
  A killer bee (D:9)
  7 crimson imps
  6 howler monkeys
  3 jellies
  A centaur skeleton (D:5)
  4 hounds
  An orc priest (D:9)
  A quasit (D:7)
  3 orc wizards
  Jessica (D:3)
  2 giant frog skeletons
  3 iguanas
  Terence (D:2)
  Ijyb (D:3)
  6 worker ants
  A hound skeleton (D:6)
  A hound zombie (D:9)
  4 gnolls (D:7)
  6 adders
  A shadow imp (D:6)
  An ooze (D:3)
  An adder zombie (D:8)
  An adder skeleton (D:8)
  A worm (D:5)
  2 dart slugs
  4 giant geckos
  9 orcs
  2 ball pythons
  6 giant cockroaches
  3 hobgoblins (D:1)
  A jackal (D:4)
  19 kobolds
  4 quokkas
  7 bats
  2 giant gecko skeletons
  A giant gecko zombie (D:5)
  4 giant newts
  4 goblins
  A quokka skeleton (D:7)
  7 rats
168 creatures vanquished.

Vanquished Creatures (others)
  A hound skeleton (D:5)
1 creature vanquished.

Grand Total: 169 creatures vanquished

Notes
Turn   | Place    | Note
--------------------------------------------------------------
     0 | D:1      | mopl the Vine Stalker Wanderer began the quest for the Orb.
     0 | D:1      | mopl set off with: a book of Air, a potion of curing, 8 poisoned needles, a +0 blowgun, a +0 robe, a bread ration
     0 | D:1      | Reached XP level 1. HP: 9/9 MP: 4/4
   269 | D:1      | Reached XP level 2. HP: 11/14 MP: 6/6
   274 | D:1      | Learned a level 2 spell: Repel Missiles
   277 | D:1      | Learned a level 2 spell: Swiftness
   537 | D:1      | Reached skill level 1 in Fighting
   679 | D:2      | Found a faded altar to an unknown god.
   731 | D:2      | Noticed Terence
   798 | D:2      | Killed Terence
   798 | D:2      | Reached skill level 2 in Stealth
   798 | D:2      | Reached XP level 3. HP: 16/18 MP: 7/7
   899 | D:2      | Reached skill level 2 in Throwing
   899 | D:2      | Reached XP level 4. HP: 10/22 MP: 8/8
  1086 | D:2      | Reached skill level 7 in Fighting
  1086 | D:2      | Reached skill level 8 in Invocations
  1086 | D:2      | Reached XP level 5. HP: 33/33 MP: 8/12
  1275 | D:2      | Found a glowing silver altar of Zin.
  1556 | D:3      | Noticed Ijyb
  1593 | D:3      | Killed Ijyb
  1593 | D:3      | Reached skill level 3 in Stealth
  1651 | D:3      | Noticed Jessica
  1682 | D:3      | Reached skill level 1 in Short Blades
  1696 | D:3      | Killed Jessica
  1753 | D:3      | Gained mutation: You heal very quickly. [Vine Stalker growth]
  1753 | D:3      | Reached XP level 6. HP: 38/38 MP: 13/13
  1820 | D:3      | Found a shadowy altar of Dithmenos.
  2144 | D:4      | Found a snail-covered altar of Cheibriados.
  2204 | D:4      | Gained mutation: You regenerate. [potion of beneficial mutation]
  2240 | D:4      | Found a shimmering altar of Xom.
  2242 | D:4      | Got a steaming leather armour
  2433 | D:4      | Found a staircase to the Ecumenical Temple.
  2439 | Temple   | Entered the Ecumenical Temple
  2511 | Temple   | Became a worshipper of Pakellas the Inventive
  2537 | D:4      | Reached XP level 7. HP: 42/42 MP: 14/14
  2570 | D:4      | Found a sacrificial altar of Ru.
  2909 | D:4      | Reached skill level 2 in Short Blades
  3057 | D:4      | Found a shattered altar of Ashenzari.
  3081 | D:5      | Entered Level 5 of the Dungeon
  3102 | D:5      | Reached skill level 4 in Stealth
  3118 | D:5      | Found an oddly glowing altar of Pakellas.
  3182 | D:5      | Noticed Pikel
  3208 | D:5      | Killed Pikel
  3208 | D:5      | Reached skill level 8 in Fighting
  3208 | D:5      | Reached skill level 3 in Throwing
  3208 | D:5      | Reached skill level 1 in Evocations
  3208 | D:5      | Gained mutation: You have razor-sharp teeth. [Vine Stalker growth]
  3208 | D:5      | Reached XP level 8. HP: 43/47 MP: 12/15
  3257 | D:5      | Found a radiant altar of Vehumet.
  3336 | D:5      | Reached * piety under Pakellas
  3336 | D:5      | Received a gift from Pakellas
  3336 | D:5      | Reached skill level 5 in Stealth
  3664 | D:5      | Reached skill level 2 in Evocations
  3839 | D:6      | Reached skill level 3 in Short Blades
  4029 | D:6      | Reached XP level 9. HP: 51/51 MP: 16/16
  4512 | D:7      | Got an ichor-stained leather armour
  4596 | D:7      | Noticed Prince Ribbit
  4609 | D:7      | Killed Prince Ribbit
  4609 | D:7      | Reached skill level 4 in Throwing
  4609 | D:7      | Reached skill level 3 in Evocations
  4695 | D:7      | Reached skill level 6 in Stealth
  4703 | D:7      | Reached ** piety under Pakellas
  4703 | D:7      | Received a gift from Pakellas
  4714 | D:7      | Found a stormy altar of Qazlal.
  4723 | D:7      | Noticed Dowan
  4726 | D:7      | Noticed Duvessa
  4788 | D:7      | Killed Duvessa
  5151 | D:7      | Killed Dowan
  5187 | D:7      | Reached XP level 10. HP: 44/57 MP: 17/17
  5203 | D:7      | Reached skill level 4 in Short Blades
  5349 | D:7      | Gained mutation: You have sharp toenails. [potion of beneficial mutation]
  5810 | D:8      | Found a sparkling altar of Nemelex Xobeh.
  5891 | D:8      | Found a deep blue altar of Sif Muna.
  5933 | D:8      | Reached skill level 7 in Stealth
  5933 | D:8      | Reached skill level 4 in Evocations
  6269 | D:9      | Noticed a hill giant
  6385 | D:9      | Killed a hill giant
  6385 | D:9      | Reached skill level 9 in Fighting
  6392 | D:9      | Reached skill level 5 in Evocations
  6459 | D:9      | HP: 2/58 [something (6)]
  6478 | D:9      | HP: 2/58 [something (2)]
  6481 | D:9      | Slain by an unseen horror

Skill      XL: |  1  2  3  4  5  6  7  8  9 10 |
---------------+-------------------------------+-----
Fighting       | 1 7 8 9 |  9.1
Stealth        | 2 3 4 5 6 7 |  7.0
Throwing       | 2 3 4 |  4.5
Invocations    | 8 |  8.0
Short Blades   | 1 2 3 4 |  4.8
Evocations     | 1 2 3 5 |  5.2
Polearms       | |  1.0
Dodging        | |  1.5
Spellcasting   | |  2.1
Air Magic      | |  1.0
Earth Magic    | |  2.0

Action                   |  1- 3 |  4- 6 |  7- 9 | 10-12 || total
-------------------------+-------+-------+-------+-------++-------
Melee: Dagger            |   103 |   153 |   353 |   178 ||   787
       Bite              |    25 |    39 |   121 |    68 ||   253
       Unarmed           |     1 |       |       |       ||     1
 Fire: Blowgun           |    19 |    27 |    25 |       ||    71
 Cast: Repel Missiles    |     1 |       |       |       ||     1
Invok: Quick Charge      |       |       |     9 |     3 ||    12
Evoke: Wand              |       |     2 |    22 |     4 ||    28
  Use: Scroll            |       |     9 |     3 |     6 ||    18
       Potion            |       |     2 |       |     3 ||     5
 Stab: Sleeping          |     2 |     6 |    21 |     2 ||    31
       Paralysed         |       |     2 |    13 |     2 ||    17
  Eat: Chunk             |       |     6 |     9 |     3 ||    18
       Pizza             |       |       |     1 |       ||     1
       Beef jerky        |       |       |       |     1 ||     1
Armor: Robe              |    20 |       |       |       ||    20
       Ring mail         |     6 |    60 |   158 |    97 ||   321
Dodge: Dodged            |    57 |   113 |   165 |    97 ||   432
       Deflected         |     2 |     1 |       |       ||     3
